 Dungeon Crawl Stone Soup version 0.30-a0-313-gae38170b09 (webtiles) character file.

Game seed: 7652641692564231523

1284 koil the Sneak (level 8, -13/40 (42) HPs)
             Began as a Spriggan Hunter on Oct 26, 2022.
             Mangled by an orc warrior
             ... wielding a +0 flail
              (16 damage)
             ... on level 6 of the Dungeon.
             The game lasted 00:15:08 (5852 turns).

koil the Sneak (Spriggan Hunter)                    Turns: 5852, Time: 00:15:10

HP:   -13/40 (42)   AC:  3    Str:  7    XL:     8   Next: 29%
MP:   16/16         EV: 21    Int: 10    God:
Gold: 391           SH:  0    Dex: 21    Spells: 15/16 levels left

rFire   . . .      SeeInvis +    a - +0 shortbow
rCold   . . .      Faith    .    (shield currently unavailable)
rNeg    . . .      Spirit   .    c - +0 robe
rPois   .          Reflect  .    (helmet restricted)
rElec   .          Harm     .    y - +0 cloak
rCorr   .          Rampage  .    (gloves unavailable)
Will    +....                    (boots unavailable)
Stlth   ++++......               (no amulet)
HPRegen 0.26/turn                (no ring)
MPRegen 0.15/turn                (no ring)

@: lightly drained, very quick
A: very small, no large weapons, unfitting armour, see invisible, speed 3
a: no special abilities


You were on level 6 of the Dungeon.
You visited 1 branch of the dungeon, and saw 6 of its levels.
You also visited: Sewer.

You collected 391 gold pieces.

Inventory:

Hand Weapons
 a - a +0 shortbow (weapon)
 b - a +2 dagger of venom
 k - a +2 short sword of flaming
 n - a +0 mace of protection
 q - a +0 trident of flaming
 J - a +1 short sword of freezing
Missiles
 o - 9 poisoned darts
Armour
 c - a +0 robe (worn)
 m - a +0 robe
 p - a +0 robe
 s - a +0 robe
 v - a +0 robe
 y - a +0 cloak (worn)
 z - a +0 cloak
 D - a scarf of shadows
 K - a +0 robe
Jewellery
 G - an amulet of magic regeneration
Scrolls
 d - 2 scrolls of brand weapon {unknown}
 e - 4 scrolls of teleportation {unknown}
 f - 8 scrolls of identify {unknown}
 g - 2 scrolls of torment {unknown}
 i - 3 scrolls of immolation
 r - 2 scrolls of blinking {unknown}
 t - a scroll of noise {unknown}
 w - a scroll of vulnerability {unknown}
 A - a scroll of amnesia {unknown}
 B - a scroll of enchant weapon {unknown}
 C - a scroll of poison {unknown}
 F - a scroll of enchant armour {unknown}
 H - a scroll of magic mapping {unknown}
Potions
 h - 3 potions of curing {unknown}
 j - a potion of cancellation {unknown}
 l - 2 potions of lignification {unknown}
 u - a potion of berserk rage {unknown}
 x - a potion of attraction {unknown}
 E - 6 potions of flight
 I - a potion of haste {unknown}


   Skills:
 + Level 3.7 Fighting
 + Level 5.8 Ranged Weapons
 + Level 5.9 Dodging
 + Level 6.5 Stealth
 + Level 4.7 Spellcasting
 + Level 3.2 Necromancy


You had 15 spell levels left.
You knew the following spells:

 Your Spells              Type           Power      Damage    Failure   Level
a - Necrotise             Necr           32%        1d5       6%          1

Your spell library contained the following spells:

 Spells                   Type           Power      Damage    Failure   Level
 Vampiric Draining        Necr           8%         2d6       19%         3
 Ozocubu's Armour         Ice            2%         N/A       56%         3
 Agony                    Necr           8%         N/A       87%         5
 Ozocubu's Refrigeration  Ice            1%         4d7       100%        7


Dungeon Overview and Level Annotations

Branches:
Dungeon (6/15)              Sewer (visited)
 Temple: D:4-7

Altars:
Makhleb
Ru
Vehumet
Zin


Innate Abilities, Weirdness & Mutations

You are very small and have problems with some larger weapons.
You are too small for most types of armour.
You have supernaturally acute eyesight. (SInv)
You cover ground extremely quickly. (Speed+++)


Message History

You shoot an arrow. The arrow barely misses the bullfrog.
The bullfrog closely misses you. The wight completely misses you. x2
The bullfrog closely misses you.
You shoot an arrow. The arrow hits the bullfrog!
The bullfrog is severely wounded.
The bullfrog barely misses you. The wight completely misses you.
The wight barely misses you. The bullfrog closely misses you.
You shoot an arrow. The arrow misses the bullfrog.
The bullfrog hits you. The wight closely misses you.
The wight hits you with a +5 long sword of freezing!
You feel drained. The wight freezes you.
Unknown command.
Found a stone staircase leading down.
The orc priest shouts!
You hear a shout!
The orc shouts!
You shoot an arrow. The arrow barely misses the orc priest.
You shoot an arrow. The arrow hits the orc priest!
The orc priest is heavily wounded.
You shoot an arrow. The arrow hits the orc warrior.
The orc warrior is lightly wounded.
You shoot an arrow.
The arrow closely misses the orc warrior.
The arrow barely misses the orc priest.
The orc priest looks satisfied for a moment.
The orc warrior hits you with a +0 flail!
You are too injured to fight recklessly!
You are too injured to fight recklessly!
You are too injured to fight recklessly!
You are too injured to fight recklessly!
You shoot an arrow. The arrow hits the orc warrior.
The orc warrior is lightly wounded.
The orc warrior closely misses you.
You shoot an arrow.
The arrow hits the orc warrior but does no damage.
The orc warrior is lightly wounded.
The orc priest mumbles some strange prayers to Beogh against you.
Beogh smites you!
* * * LOW HITPOINT WARNING * * *
The orc warrior hits you with a +0 flail!
You die...

#....####...#.......#..###.
#.......................#..
#....###.....#.....#.......
##''####...#..##...##.......
##≈..≈##...##.##.....#.......
##≈≈..≈§##.###.z...........#..
#≈≈≈.§§§§#####.#.......#..###.
#≈..≈§≈§≈# #..##.....###.....
#≈.≈.≈§§≈# #@###.###..#......
#≈≈§≈.≈≈≈# #o###..#..........
##§§§.≈≈## ##o##........#.....
##§≈≈≈#####.o#..##.....##...#
########...##.........#.....
#....o###F.####..........
#.###o....##..##..#......
...o>.....###.....###.....
......#.### #....#....###.


You could see an orc warrior, a wight, an orc priest and an orc.

Vanquished Creatures
  Grinder (D:3)
  An ogre (D:5)
  2 phantoms
  Blork the orc (D:5)
  A scorpion (D:5)
  A necrophage (D:4)
  A wight (D:6)
  A howler monkey (D:6)
  4 hounds
  A jelly (D:5)
  An orc priest (D:3)
  An iguana (D:5)
  14 adders
  9 river rats
  A shadow imp (D:6)
  3 ufetubi
  9 worms
  8 orcs
  7 ball pythons
  13 endoplasms
  5 giant cockroaches
  8 goblins
  8 hobgoblins
  5 jackals
  7 quokkas
  10 bats
  5 frilled lizards
  4 kobolds
  6 rats
138 creatures vanquished.

Notes
Turn   | Place    | Note
-------+----------+-------------------------------------------
     0 | D:1      | koil the Spriggan Hunter began the quest for the Orb.
     0 | D:1      | Reached XP level 1. HP: 10/10 MP: 2/2
   167 | D:1      | Reached skill level 2 in Stealth
   168 | D:1      | Reached XP level 2. HP: 15/15 MP: 2/4
   412 | D:1      | Reached skill level 1 in Spellcasting
   622 | D:2      | Found a faded altar of an unknown god.
   649 | D:2      | Reached XP level 3. HP: 18/18 MP: 5/5
   925 | D:2      | Reached skill level 3 in Stealth
  1031 | D:2      | Reached XP level 4. HP: 23/23 MP: 7/7
  1364 | D:3      | Learned a level 1 spell: Necrotise
  1730 | D:3      | Found a glowing silver altar of Zin.
  2097 | D:3      | Noticed Grinder
  2103 | D:3      | Paralysed by Grinder for 3 turns
  2131 | D:3      | Killed Grinder
  2132 | D:3      | Reached skill level 4 in Stealth
  2132 | D:3      | Reached skill level 1 in Necromancy
  2132 | D:3      | Reached XP level 5. HP: 27/27 MP: 8/10
  2132 | D:3      | Reached XP level 6. HP: 32/32 MP: 8/11
  2183 | D:3      | Reached skill level 5 in Ranged Weapons
  2607 | D:4      | Found a sacrificial altar of Ru.
  2709 | D:4      | Found a burning altar of Makhleb.
  3097 | D:4      | Found a radiant altar of Vehumet.
  3528 | D:5      | Entered Level 5 of the Dungeon
  3536 | D:5      | Reached XP level 7. HP: 10/35 MP: 13/13
  3550 | D:5      | Identified the +1 scale mail "Yppeminn" {Dex+4}
  3617 | D:5      | Reached skill level 5 in Dodging
  3617 | D:5      | Reached skill level 5 in Stealth
  3742 | D:5      | You fall into a shaft and drop 1 floor!
  4073 | D:5      | Found a glowing drain.
  4088 | Sewer    | Entered a sewer
  4907 | D:5      | Reached XP level 8. HP: 40/40 MP: 15/15
  4961 | D:5      | Reached skill level 6 in Stealth
  5292 | D:5      | Noticed Blork the orc
  5307 | D:5      | Killed Blork the orc
  5852 | D:6      | Mangled by an orc warrior

Illustrated notes

Levels and vault maps discovered:
D:1:      dpeg_arrival_stone_temple_mockup, layout_loops_cross,
          serial_park_tiny_1
D:2:      layout_loops_ring, hellmonk_ecumenical_altar_blasted
D:3:      minmay_angry_zag, layout_basic, mainiacjoe_overflow_paths,
          columned_hall_lemuel, uniq_grinder
D:4:      layout_basic, marbit_many_paths, mainiacjoe_overflow_six_doors_small,
          mainiacjoe_overflow_cross_hatched, kennysheep_cross_bottleneck,
          kennysheep_boxes
D:5:      layout_basic, lightli_sewer_entry_pipes, st_stairs_9,
          uniq_blork_the_orc
D:6:      nicolae_cairo_tiling_large_dashed, layout_rooms,
          nicolae_overflow_crystal_walls, lemuel_doored_altar,
          kennysheep_generic_room_3

Skill      XL: |  1  2  3  4  5  6  7  8 |
---------------+-------------------------+-----
Stealth        | 2 3 4 5 6 |  6.5
Dodging        | 3 4 5 |  5.9
Spellcasting   | 1 2 3 4 |  4.7
Fighting       | 2 3 |  3.7
Necromancy     | 1 2 3 |  3.2
Ranged Weapons | 5 |  5.8

Action                   |  1- 3 |  4- 6 |  7- 9 || total
-------------------------+-------+-------+-------++-------
Melee: Dagger            |       |     5 |     1 ||     6
 Fire: Shortbow          |    86 |   154 |   252 ||   492
 Stab: Sleeping          |       |       |     1 ||     1
Armor: Robe              |     7 |     9 |    10 ||    26
Dodge: Dodged            |    32 |    46 |   175 ||   253

Table legend: (Time is in decaauts)
 A = Elapsed time spent in this place.
 B = Non-inter-level travel time spent in this place.
 C = Inter-level travel time spent in this place.
 D = Time resting spent in this place.
 E = Time spent auto-exploring this place.
 F = Levels seen in this place.
 G = Mean time per level.
                   A        B        C        D        E       F      G
               +--------+--------+--------+--------+--------+-----+--------+
         Total |   4402 |   4290 |    112 |    277 |   2860 |   7 |  628.9 |
       Dungeon |   3682 |   3570 |    112 |    147 |   2441 |   6 |  613.7 |
         Sewer |    720 |    720 |      0 |    130 |    419 |   1 |  720.0 |
               +--------+--------+--------+--------+--------+-----+--------+

Top non-repeatable levels by time:
     D:5: 1011 daAuts
     D:4: 848 daAuts
   Sewer: 720 daAuts
     D:3: 691 daAuts
     D:2: 479 daAuts
     D:1: 425 daAuts
     D:6: 227 daAuts
